 Dungeon Crawl Stone Soup version 0.27.1-3-gb3d3a73c9e (webtiles) character file.

Game seed: 18410763827073298514

29997 Eitelfritz the Fencer (level 13, -17/175 HPs)
             Began as a Minotaur Gladiator on Oct 25, 2021.
             Was the Champion of Okawaru.
             Demolished by a reaper (20 damage)
             ... in an ice cave.
             The game lasted 00:55:42 (18213 turns).

Eitelfritz the Fencer (Minotaur Gladiator)         Turns: 18213, Time: 00:55:43

Health: -17/175    AC: 18    Str: 21    XL:     13   Next: 18%
Magic:  16/16      EV: 19    Int: 11    God:    Okawaru [******]
Gold:   347        SH:  0    Dex: 18    Spells: 12/12 levels left

rFire    . . .     SeeInvis .   a - +5 triple sword of the Several Defenders {vorpal, rElec rC+}
rCold    + + +     Faith    .   (shield currently unavailable)
rNeg     . . .     Spirit   .   o - +0 ring mail {rC+}
rPois    .         Reflect  .   U - +2 hat {Int+3}
rElec    +         Harm     .   s - +2 cloak {rC+}
rCorr    .         Rampage  .   k - +0 pair of gloves
Will     .....                  u - +2 pair of boots {Fly}
Stlth    ..........             (no amulet)
HPRegen  0.39/turn              y - +4 ring of evasion
MPRegen  0.15/turn              G - +6 ring of dexterity

@: berserking, flying, very quick
A: horns 2, retaliatory headbutt
a: Renounce Religion, Heroism, Finesse


You were in an ice cave.
You worshipped Okawaru.
Okawaru was exalted by your worship.
You visited 1 branch of the dungeon, and saw 13 of its levels.
You also visited: Sewer, Ossuary and Ice Cave.

You collected 821 gold pieces.
You spent 474 gold pieces at shops.

Inventory:

Hand Weapons
 a - the +5 triple sword of the Several Defenders (weapon) {vorpal, rElec rC+}
   (You took it off a centaur on level 10 of the Dungeon)

   It inflicts extra damage upon your enemies.
   rC:        It protects you from cold.
   rElec:     It insulates you from electricity.
 b - the +7 longbow of Callousness {venom, Will+ Str+3}
   (Okawaru gifted it to you on level 9 of the Dungeon)

   Any ammunition fired from it poisons the flesh of those it strikes.
   Str:       It affects your strength (+3).
   Will:      It increases your willpower.
 r - a +4 flail of protection
 Q - the +11 plutonium sword {Contam Stlth-}
   (You took it off a yaktaur on level 10 of the Dungeon)

   It occasionally inflicts wild transmutation effects on those it strikes,
   inflicting malmutation or extra damage, or polymorphing them into a new form.
   Contam:    It causes magical contamination when unequipped.
   Stlth:     It makes you less stealthy.
 R - a +0 scimitar
Missiles
 d - 2 throwing nets (quivered)
 E - 286 arrows
 F - 2 boomerangs of dispersal
 J - 3 curare-tipped darts
Armour
 k - a +0 pair of gloves (worn)
 o - a +0 ring mail of cold resistance (worn)
 s - a +2 cloak of cold resistance (worn)
 u - a +2 pair of boots of flying (worn)
 N - a +1 plate armour of willpower
 U - a +2 hat of intelligence (worn)
Jewellery
 q - a ring of positive energy
 y - a +4 ring of evasion (left hand)
 G - a +6 ring of dexterity (right hand)
 S - a +6 ring of intelligence
 X - a +4 ring of evasion
Wands
 c - a wand of charming (5)
 e - a wand of paralysis (4)
 i - a wand of digging (5)
 v - a wand of iceblast (9)
 I - a wand of flame (18)
Scrolls
 f - a scroll of holy word
 l - 3 scrolls of enchant weapon
 n - 9 scrolls of teleportation
 p - 5 scrolls of blinking
 O - 2 scrolls of amnesia
 P - 4 scrolls of identify
Potions
 g - a potion of magic
 h - 2 potions of ambrosia
 j - 2 potions of curing
 t - 2 potions of invisibility
 w - 2 potions of haste
 A - 2 potions of might
 D - 2 potions of brilliance
 K - a potion of heal wounds


   Skills:
 + Level 11.8 Fighting
 + Level 16.5 Long Blades
 + Level 7.2 Bows
 + Level 2.1 Throwing
 + Level 11.0 Armour
 + Level 6.6 Dodging
 + Level 3.1 Stealth
 + Level 1.2 Unarmed Combat
 + Level 6.0 Invocations


You had 12 spell levels left.
You didn't know any spells.
Your spell library contained the following spells:

 Spells                   Type           Power      Damage    Failure   Level
 Animate Skeleton         Necr           0%         N/A       45%         1
 Pain                     Necr           0%         1d4       45%         1
 Slow                     Hex            0%         N/A       61%         2
 Confusing Touch          Hex            0%         N/A       83%         3
 Dazzling Flash           Conj/Hex       0%         N/A       83%         3
 Gell's Gravitas          Tloc           0%         N/A       83%         3
 Teleport Other           Tloc           0%         N/A       83%         3
 Vampiric Draining        Necr           0%         2d6       83%         3
 Airstrike                Air            0%         N/A       99%         4
 Summon Lightning Spire   Summ/Air       0%         N/A       99%         4
 Agony                    Necr           0%         N/A       100%        5
 Lightning Bolt           Conj/Air       0%         1d11      100%        5
 Silence                  Hex/Air        0%         N/A       100%        5
 Yara's Violent Unravell  Hex/Tmut       0%         3d3       100%        5
 Dispersal                Tloc           0%         N/A       100%        6


Dungeon Overview and Level Annotations

Branches:
Dungeon (13/15)            Temple (0/1) D:4            Lair (0/6) D:8
    Orc (0/2) D:9           Sewer (visited)         Ossuary (visited)
  IceCv (1/1)
 Vaults: D:13-14

Altars:
Ashenzari
Cheibriados
Gozag
Kikubaaqudgha
Makhleb
Okawaru
Qazlal
Sif Muna
Trog
Uskayaw
Yredelemnul
Beogh

Shops:
D:5 [   D:9 !


Innate Abilities, Weirdness & Mutations

You have a pair of horns on your head.
You reflexively headbutt those who attack you in melee.


Message History

You barely miss the ice devil. You headbutt the ice devil!
The ice devil is moderately wounded.
The ice devil hits you. The ice devil freezes you. You resist.
You hit the ice devil but do no damage.
The ice devil is moderately wounded.
The ice devil closely misses you. You furiously retaliate!
You headbutt the ice devil!
You riposte.
You hit the ice devil but do no damage. You headbutt the ice devil.
The ice devil is almost dead.
The reaper hits you from afar with a +1 scythe of freezing!!
The reaper freezes you.
You barely miss the ice devil.
The ice devil is almost dead.
The ice devil misses you. You furiously retaliate!
You headbutt the ice devil, but do no damage.
You riposte.
You closely miss the ice devil. You headbutt the ice devil.
The ice devil is almost dead.
The reaper hits you from afar with a +1 scythe of freezing!!
* * * LOW HITPOINT WARNING * * *
The reaper freezes you.
* * * LOW HITPOINT WARNING * * *
A red film seems to cover your vision as you go berserk!
You feel yourself moving faster!
You feel mighty!
The ice devil hits you but does no damage.
The reaper hits you from afar with a +1 scythe of freezing!!
* * * LOW HITPOINT WARNING * * *
You barely miss the ice devil.
You headbutt the ice devil, but do no damage.
The ice devil is almost dead.
The ice devil completely misses you. You furiously retaliate!
You headbutt the ice devil.
You kill the ice devil!
Okawaru accepts your kill.
The reaper hits you from afar with a +1 scythe of freezing!
* * * LOW HITPOINT WARNING * * *
You slash the reaper!
You headbutt the reaper, but do no damage.
The reaper is lightly wounded.
The reaper hits you with a +1 scythe of freezing!!
You die...

##.§§°.# #...##
#°.§○○○## ##...#
###..§.°§.# #..##
##.#...##.§## ##..##
#..##.°#.§..# #..#. #
#..#.##.#..# #..#.
#.#..#.#..##.## #....
#).#..°.......#..#
#...#
#=..°°2@.........#
#..##
#).#.°####...#...#
##.#. #☼○.......#...#
##...
##○.......#...###....
#.○.#..###....##....
##.§#.##......##[..#
#..#.#.....#..##).#
##.......###..####
#........# #...###


You could see a reaper.

Vanquished Creatures
  A rakshasa (D:10)
  An ogre mage (D:10)
  A hydra (D:10)
  Erolcha (D:9)
  2 centaur warriors
  A catoblepas (D:10)
  7 two-headed ogres
  A boulder beetle (D:12)
  Sonja (D:10)
  Pikel (D:5)
  2 deep elf pyromancers
  2 cyclopes
  2 ice statues (IceCv)
  A gargoyle (D:11)
  An unseen horror (D:12)
  Psyche (D:8)
  A freezing wraith (IceCv)
  A komodo dragon (D:8)
  A yaktaur (D:10)
  A tengu conjurer (D:10)
  An anaconda simulacrum (IceCv)
  8 ice devils
  6 trolls
  2 hornets (D:10)
  A meliai (D:10)
  A water elemental (D:12)
  A wyvern (D:11)
  A vampire (D:10)
  22 yaks
  A dire elephant simulacrum (IceCv)
  3 wraiths
  Grum (D:8)
  4 vampire mosquitoes
  Edmund (D:5)
  2 death yak simulacra (IceCv)
  A harpy simulacrum (IceCv)
  3 acid dragons
  Duvessa (D:5)
  A black bear (D:7)
  An ice beast (D:6)
  7 orc warriors
  A necrophage (D:8)
  3 wolves (D:8)
  An ogre (D:4)
  2 phantoms (D:6)
  7 centaurs
  3 bullfrogs
  3 kobold brigands
  Blork the orc (D:5)
  Dowan (D:5)
  3 scorpions
  8 killer bees
  6 wights
  An elephant simulacrum (IceCv)
  7 electric eels
  A howler monkey (D:10)
  A bullfrog zombie (D:7)
  5 centaur zombies
  4 jellies
  10 orc priests
  A centaur skeleton (D:7)
  2 gnoll shamans (D:9)
  A hound (D:7)
  12 orc wizards
  3 iguanas
  4 spriggan simulacra (IceCv)
  A troll simulacrum (IceCv)
  A polar bear simulacrum (IceCv)
  A wolf simulacrum (IceCv)
  A hound zombie (D:5)
  A hound skeleton (D:5)
  A mummy (Ossuary)
  Robin (D:2)
  9 adders
  7 gnolls (D:9)
  A naga simulacrum (IceCv)
  A shadow imp (D:5)
  6 white imps
  5 ufetubi
  An adder skeleton (D:4)
  2 worms (D:3)
  A dart slug (D:1)
  39 orcs
  4 spectral bats (Ossuary)
  8 endoplasms
  6 giant cockroaches
  6 hobgoblins
  8 jackals
  15 kobolds
  8 quokkas (D:3)
  5 ball pythons
  A bat (D:3)
  4 bat simulacra (Ossuary)
  5 frilled lizards
  12 gnoll zombies (Ossuary)
  17 goblins
  4 goblin zombies (Ossuary)
  5 hobgoblin zombies (Ossuary)
  6 kobold simulacra (Ossuary)
  2 kobold zombies (Ossuary)
  7 orc zombies (Ossuary)
  6 rats
  4 rat simulacra (Ossuary)
  2 spectral goblins (Ossuary)
  4 spectral kobolds (Ossuary)
  A spectral orc (D:10)
  2 spectral rats (Ossuary)
411 creatures vanquished.

Vanquished Creatures (others)
  A killer bee (D:11)
  A centaur zombie (D:10)
  19 plants
21 creatures vanquished.

Grand Total: 432 creatures vanquished

Notes
Turn   | Place    | Note
-------+----------+-------------------------------------------
     0 | D:1      | Eitelfritz the Minotaur Gladiator began the quest for the
                  | Orb.
     0 | D:1      | Reached XP level 1. HP: 18/18 MP: 0/0
   306 | D:1      | Reached skill level 4 in Long Blades
   327 | D:1      | Reached XP level 2. HP: 21/25 MP: 1/1
   793 | D:1      | Found a faded altar of an unknown god.
  1151 | D:2      | Noticed Robin
  1171 | D:2      | Reached XP level 3. HP: 17/30 MP: 2/2
  1480 | D:2      | Killed Robin
  1834 | D:3      | Found an iron altar of Okawaru.
  1860 | D:3      | Became a worshipper of Warmaster Okawaru
  1886 | D:3      | Found an opulent altar of Gozag.
  1899 | D:3      | Reached skill level 1 in Armour
  2024 | D:3      | Reached XP level 4. HP: 36/37 MP: 3/3
  2038 | D:3      | Found a glowing drain.
  2046 | D:3      | Reached skill level 5 in Long Blades
  2111 | Sewer    | Entered a sewer
  2597 | Sewer    | Reached XP level 5. HP: 38/45 MP: 4/4
  2951 | D:3      | Noticed a moth of wrath
  2954 | D:3      | Found a bloodstained altar of Trog.
  3633 | D:4      | Identified the ring of Kitiuz {Drain rPois rC- rN+ Slay+6}
  3855 | D:4      | Reached skill level 6 in Long Blades
  3867 | D:4      | Reached XP level 6. HP: 12/51 MP: 5/5
  3874 | D:4      | HP: 2/51 [poisoned by a scorpion]
  4168 | D:4      | Found a staircase to the Ecumenical Temple.
  4264 | D:4      | Found a stormy altar of Qazlal.
  4383 | D:4      | Reached * piety under Okawaru
  4494 | D:5      | Entered Level 5 of the Dungeon
  4649 | D:5      | Noticed Duvessa
  4649 | D:5      | Noticed Dowan
  4690 | D:5      | Killed Duvessa
  4701 | D:5      | Killed Dowan
  4702 | D:5      | Reached skill level 7 in Long Blades
  4702 | D:5      | Reached XP level 7. HP: 23/59 MP: 6/6
  5063 | D:5      | Found Itisovue's Armour Shop.
  5067 | D:5      | Bought a +0 pair of gloves for 54 gold pieces
  5162 | D:5      | Noticed Edmund
  5182 | D:5      | Killed Edmund
  5182 | D:5      | Reached ** piety under Okawaru
  5462 | D:5      | Noticed Pikel
  5541 | D:5      | Killed Pikel
  5542 | D:5      | Reached skill level 5 in Fighting
  5542 | D:5      | Reached skill level 8 in Long Blades
  5542 | D:5      | Reached skill level 5 in Armour
  5542 | D:5      | Reached skill level 5 in Dodging
  5542 | D:5      | Reached skill level 1 in Stealth
  5542 | D:5      | Reached XP level 8. HP: 45/69 MP: 7/7
  5805 | D:5      | Found a shimmering blue altar of Sif Muna.
  5829 | D:5      | Noticed Blork the orc
  5835 | D:5      | Killed Blork the orc
  6004 | D:5      | Reached *** piety under Okawaru
  6033 | D:5      | Found a snail-covered altar of Cheibriados.
  6034 | D:5      | Found a broken altar of Ashenzari.
  6289 | D:6      | Reached skill level 1 in Unarmed Combat
  6425 | D:6      | Reached skill level 9 in Long Blades
  6636 | D:6      | Found a sand-covered staircase.
  6641 | Ossuary  | Entered an ossuary
  7521 | D:6      | Reached skill level 1 in Invocations
  7521 | D:6      | Reached XP level 9. HP: 78/78 MP: 8/8
  8019 | D:7      | Reached skill level 10 in Long Blades
  8135 | D:7      | Reached skill level 1 in Bows
  8162 | D:7      | Noticed a troll
  8171 | D:7      | Killed a troll
  8708 | D:7      | Found a transporter.
  8712 | D:7      | Found a transporter.
  8712 | D:7      | Noticed a troll
  8715 | D:7      | Noticed a two-headed ogre
  9247 | D:8      | Found a staircase to the Lair.
  9247 | D:8      | Noticed a komodo dragon
  9258 | D:8      | Killed a komodo dragon
  9258 | D:8      | Reached **** piety under Okawaru
  9465 | D:8      | Noticed Grum
  9489 | D:8      | Killed Grum
  9548 | D:8      | Noticed a two-headed ogre
  9567 | D:8      | Killed a two-headed ogre
  9568 | D:8      | Reached XP level 10. HP: 46/88 MP: 10/12
  9570 | D:8      | Reached skill level 11 in Long Blades
  9822 | D:8      | Reached ***** piety under Okawaru
  9923 | D:8      | Noticed Psyche
  9987 | D:8      | Killed Psyche
 11102 | D:7      | Killed a two-headed ogre
 11103 | D:7      | Reached skill level 5 in Bows
 11128 | D:7      | Reached skill level 5 in Invocations
 11522 | D:5      | Bought a +0 plate armour of willpower for 360 gold pieces
 11682 | D:9      | Found a burning altar of Makhleb.
 11759 | D:9      | Noticed Erolcha
 11772 | D:9      | Killed Erolcha
 11772 | D:9      | Identified the +7 longbow of Callousness {venom, Will+
                  | Str+3} (Okawaru gifted it to you on level 9 of the Dungeon)
 11772 | D:9      | Received a gift from Okawaru
 11878 | D:9      | Reached skill level 12 in Long Blades
 11878 | D:9      | Reached XP level 11. HP: 68/95 MP: 13/13
 11900 | D:9      | Found a staircase to the Orcish Mines.
 12151 | D:9      | Noticed a two-headed ogre
 12173 | D:9      | Killed a two-headed ogre
 12538 | D:9      | Found Xiwumedd's Distillery.
 12541 | D:9      | Bought a potion of berserk rage for 60 gold pieces
 12780 | D:10     | Entered Level 10 of the Dungeon
 12839 | D:10     | Found a basalt altar of Yredelemnul.
 13031 | D:10     | Noticed Sonja
 13042 | D:10     | Killed Sonja
 13085 | D:10     | Found a hide-covered altar of Uskayaw.
 13121 | D:10     | Found an ancient bone altar of Kikubaaqudgha.
 13200 | D:10     | Paralysed by a hornet for 1 turns
 13703 | D:10     | Received a gift from Okawaru
 13738 | D:10     | Identified the +5 triple sword of the Several Defenders
                  | {vorpal, rElec rC+}
 13848 | D:10     | Noticed a centaur warrior
 13852 | D:10     | Killed a centaur warrior
 13853 | D:10     | Reached skill level 13 in Long Blades
 13925 | D:10     | Noticed a deep elf pyromancer
 13933 | D:10     | Killed a deep elf pyromancer
 13934 | D:10     | Reached skill level 10 in Fighting
 13976 | D:10     | Noticed an ogre mage
 13981 | D:10     | Noticed a two-headed ogre
 13984 | D:10     | Killed an ogre mage
 13989 | D:10     | Killed a two-headed ogre
 14015 | D:10     | Noticed a catoblepas
 14381 | D:10     | Noticed a two-headed ogre
 14383 | D:10     | Killed a catoblepas
 14384 | D:10     | Reached XP level 12. HP: 76/107 MP: 15/15
 14386 | D:10     | Killed a two-headed ogre
 14387 | D:10     | Reached skill level 14 in Long Blades
 14445 | D:10     | Noticed an eight-headed hydra
 14449 | D:10     | Killed an 11-headed hydra
 14458 | D:10     | Noticed a rakshasa
 14482 | D:10     | Killed a rakshasa
 14483 | D:10     | Reached skill level 10 in Armour
 15158 | D:10     | Noticed a two-headed ogre
 15166 | D:10     | Killed a two-headed ogre
 15797 | D:11     | Received a gift from Okawaru
 15800 | D:11     | Reached skill level 15 in Long Blades
 15804 | D:11     | Reached ****** piety under Okawaru
 16087 | D:11     | Received a gift from Okawaru
 16768 | D:12     | Noticed a two-headed ogre
 16772 | D:12     | Killed a two-headed ogre
 16881 | D:12     | Noticed a boulder beetle
 16891 | D:12     | Killed a boulder beetle
 16891 | D:12     | Received a gift from Okawaru
 17295 | D:12     | Identified the +0 chain mail "Evonenuj" {rC+}
 17397 | D:13     | Received a gift from Okawaru
 17406 | D:13     | Noticed a centaur warrior
 17416 | D:13     | Killed a centaur warrior
 17440 | D:13     | Found a frozen archway.
 17450 | D:13     | Reached skill level 16 in Long Blades
 17450 | D:13     | Reached XP level 13. HP: 95/117 MP: 16/16
 17468 | IceCv    | Entered an ice cave
 18204 | IceCv    | Noticed a reaper
 18211 | IceCv    | HP: 3/175 [reaper (14)]
 18213 | IceCv    | Demolished by a reaper

Illustrated notes

Levels and vault maps discovered:
D:1:      psy_arrival_basics, layout_rooms,
          dreamdust_ecumenical_altar_hidden_monk_grotto
D:2:      layout_rooms, kennysheep_generic_room_3, uniq_robin
D:3:      layout_basic, amcnicky_altar_gilded, lemuel_tele_altar, tgw_trog,
          gup_sewer_entry_pipe
D:4:      layout_rooms, lemuel_round_altar, minmay_temple_entry_grid
D:5:      layout_loops_corners, mainiacjoe_overflow_alcove_4,
          gammafunk_temple_overflow_pools, serial_shops, shop, uniq_duvessa,
          uniq_pikel, uniq_blork_the_orc, uniq_edmund
D:6:      layout_basic, enter_ossuary_2
D:7:      gammafunk_beogh_shrine, layout_basic
D:8:      layout_loops_corners, david_lair_shrubbed, grunt_ministairs_9,
          amcnicky_mini_corridor_feature, minmay_misc_feat_iff, minivault_14,
          nrook_mini_backslash, corexii_corridor_pit,
          kennysheep_generic_room_12, uniq_psyche, uniq_grum
D:9:      layout_basic, lemuel_doored_altar, david_orc_2, serial_shops,
          kennysheep_mini, uniq_erolcha
D:10:     minmay_the_grid_octo_triangle [minmay_the_grid_octo_focus,
          minmay_the_grid_octo_prize_ultimate_mussel_roller,
          minmay_the_grid_octo_pinwheel], layout_basic,
          yredelemnul_forgotten_temple_becter, mainiacjoe_overflow_brackets,
          eat_drink_and_be_merry_uskayaw, minmay_radiant, uniq_sonja
D:11:     layout_roguey, kennysheep_dice
D:12:     layout_big_octagon, serial_bayou, serial_bayou_pond_e,
          serial_bayou_pond_d, serial_bayou_shore_a, serial_bayou_shore_b
D:13:     layout_basic, portal_ice_cave_demonic_guard
IceCv:    ice_cave_small_demon

Skill      XL: |  1  2  3  4  5  6  7  8  9 10 11 12 |
---------------+-------------------------------------+-----
Long Blades    | 4 5 6 7 8 9 10 12 13 16 | 16.5
Armour         | 1 2 3 5 6 7 8 9 11 | 11.0
Dodging        | 4 5 6 |  6.6
Fighting       | 3 4 5 6 7 8 10 11 | 11.8
Stealth        | 1 2 3 |  3.1
Unarmed Combat | 1 |  1.2
Invocations    | 1 4 5 6 |  6.0
Bows           | 4 5 6 7 |  7.2
Throwing       | |  2.1

Action                   |  1- 3 |  4- 6 |  7- 9 | 10-12 | 13-15 || total
-------------------------+-------+-------+-------+-------+-------++-------
Melee: Long sword        |    77 |   149 |   333 |   205 |       ||   764
       Headbutt          |    14 |    35 |    73 |   141 |    26 ||   289
       Unarmed           |       |       |    11 |       |       ||    11
       Punch             |       |       |     1 |     3 |       ||     4
       Scimitar          |       |       |       |    39 |       ||    39
       Triple sword      |       |       |       |   169 |    57 ||   226
 Fire: Shortbow          |       |       |    58 |    23 |       ||    81
       Longbow           |       |       |       |    43 |       ||    43
Throw: Throwing net      |       |       |     1 |       |       ||     1
Invok: Heroism           |       |       |     1 |     2 |       ||     3
       Finesse           |       |       |       |     1 |       ||     1
  Use: Scroll            |       |    14 |     4 |    10 |     1 ||    29
       Potion            |       |     1 |       |     3 |     1 ||     5
 Stab: Confused          |       |       |     1 |       |       ||     1
       Petrified         |       |       |       |     2 |       ||     2
       Sleeping          |       |       |       |       |     1 ||     1
Armor: Leather armour    |    22 |       |       |       |       ||    22
       Ring mail         |     7 |    40 |       |       |    25 ||    72
       Scale mail        |       |    29 |   112 |    20 |       ||   161
       Skin              |       |     1 |     1 |       |       ||     2
       Plate armour      |       |       |       |   252 |       ||   252
       Troll leather arm |       |       |       |     1 |       ||     1
Dodge: Dodged            |    69 |   101 |   224 |   303 |    79 ||   776
       Rpst.: Long sword |    20 |    25 |    54 |    30 |       ||   129
       Triple sword      |       |       |       |    33 |    23 ||    56
       Scimitar          |       |       |       |     7 |       ||     7
